 Dungeon Crawl Stone Soup version 0.19.0-11-g3fc08b3 (webtiles) character file.

203 inmateoo the Scratcher (level 5, 0/37 HPs)
             Began as a Felid Abyssal Knight on Nov 8, 2016.
             Was a Believer of Lugonu.
             Slain by Natasha (4 damage)
             ... on level 3 of the Dungeon.
             The game lasted 00:04:20 (3665 turns).

inmateoo the Scratcher (Felid Abyssal Knight)       Turns: 3665, Time: 00:04:21

Health: 0/37       AC: 22    Str:  6 (9)  XL:     5   Next: 51%
Magic:  7/7        EV:  4    Int: 12 (13) God:    Lugonu [**....]
Gold:   142        SH:  0    Dex: 14 (16) Spells: 0 memorised, 4 levels left
                                        Lives:  0   Deaths: 1

rFire  . . .     SeeInvis +       - Unarmed
rCold  . . .     Gourm    .     (armour unavailable)
rNeg   + + +     Faith    .     (shield unavailable)
rPois  +         Spirit   .     (helmet unavailable)
rElec  .         Reflect  .     (cloak unavailable)
rCorr  .         Harm     .     (gloves unavailable)
MR     .....     NoTele   +     (boots unavailable)
Stlth  +++.......               (no amulet)
                                (no ring)
                                (no ring)

@: tree-form, slowed, very slow
A: no armour, no weapons or thrown items, stealth, (claws 0), (fangs 0), see
invisible, carnivore 3, (speed 0), (shaggy fur 0), slow metabolism 1, (sharp
paws)
a: Depart the Abyss, Bend Space, Renounce Religion


You were on level 3 of the Dungeon.
You worshipped Lugonu.
Lugonu was pleased with you.
You were very full.
You were a tree.
You visited 1 branch of the dungeon, and saw 4 of its levels.
You visited the Abyss 1 time.

You collected 142 gold pieces.

Inventory:

Wands
 c - a wand of slowing (14/48)
Scrolls
 b - 2 scrolls of remove curse {unknown}
 d - a scroll of identify {unknown}
 f - 3 scrolls of fog {unknown}
 g - a scroll of teleportation {unknown}
 h - 2 scrolls of recharging {unknown}
 i - a scroll of amnesia {unknown}
 j - a scroll of fear {unknown}
 k - a scroll of enchant armour {unknown}
Comestibles
 a - 3 meat rations


   Skills:
 + Level 3.7 Fighting
 + Level 4.2 Dodging
 + Level 4.1 Stealth
 * Level 4.4 Unarmed Combat
 - Level 1.7 Invocations


You had 4 spell levels left.
You didn't know any spells.

Dungeon Overview and Level Annotations

Branches:
Dungeon (4/15)
 Temple: D:4-7

Altars:
Okawaru

Annotations:
D:3 Natasha


Innate Abilities, Weirdness & Mutations

You cannot wear armour.
You are incapable of wielding weapons or throwing items.
Your paws allow you to move quietly. (Stealth)
((You have sharp claws.))
((You have razor-sharp teeth.))
You have supernaturally acute eyesight. (SInv)
You are carnivorous and can eat meat at any time.
((You cover ground quickly.))
((You are covered in fur. (AC +1)))
You have a slow metabolism.
((Your sharp claws are effective at attacking unaware monsters.))


Message History

You are too injured to fight recklessly!
You are too injured to fight recklessly!
You are too injured to fight recklessly!
You are too injured to fight recklessly!
Unknown command.
Okay, then.
It was a potion of lignification.
You turn into a tree.
Your roots penetrate the ground.
Natasha barely misses you.
You hit Natasha but do no damage. You punch Natasha, but do no damage.
Natasha is lightly wounded.
Natasha barely misses you. Natasha claws you.
* * * LOW HITPOINT WARNING * * *
Unknown command.
You smack Natasha!
Natasha is almost dead.
Natasha barely misses you.
You barely miss Natasha.
Natasha is almost dead.
Natasha claws you.
You die...

####### #.....#
############ #. #.....##
#...........
#...#......####.##########
#............#..#
#....##...##...##
#....#...h.#...#
#......._♣.....#
#....#.....#..######
#....##...##.......#
#..................#######
#..................#......
##...####..#.......#.....)
#...# #..................
#...# ##...#.######...>..
#...# #.....### #......


You could see Natasha.

Vanquished Creatures
  An orc priest (D:4)
  An orc wizard (D:4)
  A bullfrog skeleton (D:4)
  Natasha (D:3)
  A worker ant (D:4)
  5 adders
  A worm (D:3)
  3 dart slugs
  5 orcs
  2 giant cockroaches
  4 goblins (D:1)
  10 hobgoblins
  8 jackals
  2 quokkas
  A ball python (D:3)
  6 bats
  8 kobolds
  6 rats
66 creatures vanquished.

Notes
Turn   | Place    | Note
-------+----------+-------------------------------------------
     0 | Abyss:1  | inmateoo the Felid Abyssal Knight began the quest for the Orb.
     0 | Abyss:1  | Reached XP level 1. HP: 10/10 MP: 3/3
    29 | Abyss:1  | Noticed a large abomination
    30 | Abyss:1  | Noticed a smoke demon
    30 | D:1      | Escaped the Abyss
   189 | D:1      | Reached skill level 1 in Stealth
   196 | D:1      | Reached * piety under Lugonu
   196 | D:1      | Reached XP level 2. HP: 13/14 MP: 4/4
   723 | D:2      | Reached XP level 3. HP: 17/17 MP: 5/5
  2337 | D:4      | Reached XP level 4. HP: 17/21 MP: 6/6
  2344 | D:4      | Slain by an orc
  2345 | D:4      | Reached XP level 3. HP: 0/17 MP: 5/5
  2367 | D:4      | Reached XP level 4. HP: 21/21 MP: 6/6
  2373 | D:4      | Reached ** piety under Lugonu
  2388 | D:4      | Noticed a phantom
  2767 | D:3      | Found an iron altar of Okawaru.
  2841 | D:3      | Reached XP level 5. HP: 17/24 MP: 7/7
  3506 | D:3      | Noticed Natasha
  3513 | D:3      | Killed Natasha
  3654 | D:3      | Noticed Natasha
  3665 | D:3      | Slain by Natasha

Skill      XL: |  1  2  3  4  5 |
---------------+----------------+-----
Stealth        | 1 2 3 4 |  4.1
Unarmed Combat | 3 4 |  4.4
Dodging        | 4 |  4.2
Fighting       | |  3.7
Invocations    | |  1.7

Action                   |  1- 3 |  4- 6 || total
-------------------------+-------+-------++-------
Melee: Unarmed           |   118 |   110 ||   228
       Bite              |     8 |     8 ||    16
       Punch             |     1 |     4 ||     5
Invok: Depart the Abyss  |     1 |       ||     1
  Use: Potion            |       |     6 ||     6
 Stab: Sleeping          |     6 |     5 ||    11
       Distracted        |       |     1 ||     1
  Eat: Chunk             |     9 |     8 ||    17
Armor: Skin              |     8 |     6 ||    14
Dodge: Dodged            |   108 |    85 ||   193
